 Dungeon Crawl Stone Soup version 0.28.0-53-g5a82cb258f (webtiles) character file.

Game seed: 4629990997386701341

37 nickcage the Gusty (level 3, -1/26 HPs)
             Began as a Draconian Air Elementalist on May 25, 2022.
             Slain by Sigmund
             ... wielding a +3 scythe
              (8 damage)
             ... on level 2 of the Dungeon.
             The game lasted 00:04:07 (2243 turns).

nickcage the Gusty (Draconian Air Elementalist)     Turns: 2243, Time: 00:04:08

Health: -1/26      AC:  6    Str: 10    XL:     3   Next: 23%
Magic:  0/6        EV: 12    Int: 17    God:
Gold:   48         SH:  0    Dex: 11    Spells: 1/7 levels left

rFire   . . .      SeeInvis .   i - +0 dagger (drain)
rCold   . . .      Faith    .   (no shield)
rNeg    . . .      Spirit   .   (armour unavailable)
rPois   +          Reflect  .   (helmet restricted)
rElec   .          Harm     .   (no cloak)
rCorr   .          Rampage  .   (no gloves)
Will    .....                   j - +0 pair of boots
Stlth   ++........              (no amulet)
HPRegen 0.08/turn               g - ring of poison resistance
MPRegen 0.10/turn               (no ring)

@: no status effects
A: AC +5, unfitting armour, cold-blooded
a: no special abilities


You were on level 2 of the Dungeon.
You visited 1 branch of the dungeon, and saw 2 of its levels.

You collected 48 gold pieces.

Inventory:

Hand Weapons
 e - a +0 dagger
 i - a +0 dagger of draining (weapon)
Armour
 j - a +0 pair of boots (worn)
Jewellery
 g - a ring of poison resistance (left hand)
Scrolls
 a - a scroll of enchant armour {unknown}
 b - a scroll of blinking {unknown}
 c - a scroll of amnesia {unknown}
 d - 2 scrolls of identify {unknown}
 f - a scroll of enchant weapon {unknown}
 h - a scroll of magic mapping {unknown}
Potions
 k - a potion of might {unknown}


   Skills:
 - Level 1.7 Dodging
 - Level 1.7 Stealth
 + Level 2.6 Spellcasting
 - Level 1.0 Conjurations
 + Level 3.9 Air Magic


You had one spell level left.
You knew the following spells:

 Your Spells              Type           Power      Damage    Failure   Level
a - Shock                 Conj/Air       40%        1d5       7%          1
b - Static Discharge      Conj/Air       10%        N/A       10%         2
c - Swiftness             Air            15%        N/A       11%         3

Your spell library contained the following spells:

 Spells                   Type           Power      Damage    Failure   Level
 Airstrike                Air            7%         N/A       34%         4


Dungeon Overview and Level Annotations

Branches:
Dungeon (2/15)

Altars:

Annotations:
D:2 Sigmund


Innate Abilities, Weirdness & Mutations

Your plain brown scales are hard. (AC +5)
You cannot fit into any form of body armour.
You are cold-blooded and may be slowed by cold attacks.


Message History

You kill the goblin!
The zap hits the rat.
The rat is moderately wounded.
The zap hits the rat.
You kill the rat!
You see here a +0 club.
You see here a rat corpse.
You now have 48 gold pieces (gained 9).
There is an open door here.
There is an open door here.
Found a stone staircase leading up.
Found 14 stones.
Found 4 javelins.
You see here 14 stones.
There is an open door here.
Sigmund is nearby!
The zap hits Sigmund.
Sigmund is lightly wounded.
Sigmund shouts!
The zap hits Sigmund.
Sigmund is lightly wounded.
Sigmund hits you from afar with a +3 scythe.
Sigmund says, "I'm your fate." Sigmund barely misses you.
Sigmund is struck by an arc of lightning.
Sigmund is moderately wounded.
You are struck by an arc of lightning.
The lightning grounds out.
Sigmund is struck by an arc of lightning.
Sigmund is heavily wounded.
The lightning grounds out.
Sigmund gestures at you while chanting. You resist with significant effort.
You hit Sigmund but do no damage.
Sigmund is heavily wounded.
Sigmund hits you with a +3 scythe!
* * * LOW HITPOINT WARNING * * *
You hit Sigmund. You drain Sigmund.
Sigmund is severely wounded.
Sigmund hits you with a +3 scythe!
You die...

##.##.##........#
###.##.##.########
####.......#.#
#....#.##..#.##
#.##.#.##.....##
#.#..#.##......##########
#.#.(#.##..............##
#....#.##......#######...
###....@@......# #..#
#.##.##.#...## #..#
#.##.##.##.## #..#
#.##.##.##.# #...
#.##.##.##.# ##.#
#####.##.##.##+## #.#
#......#.##.#...## #.#
#.###.##.##......## ##..
#.##.###.##.......##
##.##


You could see Sigmund (drained).

Vanquished Creatures
  2 bats (D:2)
  3 endoplasms
  5 goblins
  3 hobgoblins
  4 jackals (D:1)
  A quokka (D:1)
  5 ball pythons
  3 frilled lizards
  3 kobolds (D:1)
  5 rats
34 creatures vanquished.

Notes
Turn   | Place    | Note
-------+----------+-------------------------------------------
     0 | D:1      | nickcage the Draconian Air Elementalist began the quest for
                  | the Orb.
     0 | D:1      | Reached XP level 1. HP: 14/14 MP: 3/3
   281 | D:1      | Reached XP level 2. HP: 20/20 MP: 0/5
  1178 | D:2      | Noticed Sigmund
  1671 | D:2      | Found a faded altar of an unknown god.
  1681 | D:2      | Reached XP level 3. HP: 26/26 MP: 4/6
  1811 | D:2      | Learned a level 2 spell: Static Discharge
  1815 | D:2      | Learned a level 3 spell: Swiftness
  2243 | D:2      | Slain by Sigmund

Illustrated notes

Levels and vault maps discovered:
D:1:      dpeg_arrival_windows_large_door, layout_basic
D:2:      kennysheep_six_static_rooms, layout_loops_corners,
          hellmonk_ecumenical_altar_blasted, serial_forest,
          infiniplex_forest_straight_5, infiniplex_forest_lined_2,
          infiniplex_forest_lined_room_, infiniplex_forest_lined_4_way,
          infiniplex_forest_3_way, uniq_sigmund

Action                   || total
-------------------------++-------
Melee: Unarmed           ||    19
       Short sword       ||     6
       Tailslap          ||     1
       Punch             ||     1
       Dagger            ||     2
 Cast: Shock             ||    54
       Static Discharge  ||     2
Armor: Skin              ||     8
Dodge: Dodged            ||    24
